Map: Efflorescence LE

Players

Bab

  • Race: Zerg Zerg
  • League: Diamond
  • Spawn Location: 6:00

Bestasttung

  • Race: Terran Terran
  • League: Diamond
  • Spawn Location: 9:00

Massa - Winner!

  • Race: Terran Terran
  • League: Platinum
  • Spawn Location: 12:00

qqq - Winner!

  • Race: Zerg Zerg
  • Spawn Location: 3:00

VOD

Have the link to the VOD?

Description

Time

  • Played on: Nov. 4, 2020, 2:16 p.m.
  • Length: 5:08
Show
View Real Time Build Order
Export as new Build Order

Bab Zerg 

Build Orders: Hatch First, Roach Nydus 

Get SALT Encoding   

  12  0:00  Drone  
  13  0:13  Overlord  
  13  0:18  Drone  
  14  0:31  Drone x2  
  16  0:51  Hatchery  
  16  0:54  Drone  
  16  0:57  Drone  
  17  1:09  Extractor  
  16  1:15  Spawning Pool  
  15  1:20  Drone  
  15  1:22  Drone  
  17  1:26  Drone  
  17  1:32  Drone  
  19  1:42  Drone  
  19  1:54  Drone  
  20  2:02  Queen  
  20  2:03  Queen  
  20  2:05  Drone  
  20  2:08  Drone  
  26  2:14  Drone x2  
  28  2:37  Overlord  
  28  2:43  Lair  
  28  2:48  Extractor  
  28  2:50  Extractor  
  28  2:53  Queen  
  28  2:56  Drone  
  28  2:57  Drone x3  
  34  3:06  Drone, Roach Warren  
  34  3:15  Extractor  
  34  3:17  Drone x3  
  36  3:26  Overlord  
  36  3:27  Overlord  
  36  3:43  Queen  
  36  3:45  Nydus Network  
  36  3:46  Roach x3  
  36  3:47  Roach  
  45  3:51  Roach  
  47  3:56  Queen  
  49  4:19  Queen  
  51  4:25  Overlord x2  
  51  4:31  Nydus Canal  
Show
View Real Time Build Order
Export as new Build Order

Bestasttung Terran 

Build Orders: Hellion Opening, Reaper Expand 

Get SALT Encoding   

  12  0:00  SCV  
  13  0:12  SCV  
  14  0:18  Supply Depot  
  14  0:24  SCV  
  15  0:39  SCV  
  15  0:41  Barracks  
  16  0:45  Refinery  
  16  0:51  SCV  
  17  1:03  SCV  
  18  1:15  SCV  
  19  1:28  Orbital Command  
  19  1:29  Reaper  
  20  1:42  Command Center  
  20  1:49  Supply Depot  
  20  1:53  SCV  
  21  2:01  Marine  
  22  2:06  SCV  
  23  2:10  Factory  
  23  2:16  Refinery  
  23  2:18  SCV  
  24  2:22  Barracks Reactor  
  24  2:30  SCV  
  25  2:42  SCV  
  26  2:54  SCV  
  26  2:56  Orbital Command  
  26  3:01  Starport  
  26  3:04  Hellion x2  
  30  3:06  SCV  
  30  3:08  Barracks Tech Lab  
  31  3:18  SCV  
  32  3:24  SCV  
  32  3:25  Hellion  
  32  3:26  Hellion  
  37  3:32  Marine  
  38  3:34  SCV  
  38  3:39  Viking  
  41  3:47  Hellion  
  41  3:48  Hellion  
  45  3:51  SCV  
  46  3:56  Supply Depot  
  46  4:09  SCV x2  
  48  4:10  Supply Depot  
  48  4:21  SCV  
  48  4:22  SCV  
  48  4:23  Starport Reactor, Marine  
  51  4:29  Barracks  
  51  4:31  Barracks  
  51  4:33  SCV  
  50  4:39  Factory Tech Lab  
Show
View Real Time Build Order
Export as new Build Order

Massa Terran - Winner!

Build Orders:  

Get SALT Encoding   

  12  0:02  SCV  
  13  0:14  SCV  
  13  0:18  Supply Depot  
  14  0:26  SCV  
  15  0:39  SCV  
  15  0:41  Barracks  
  16  0:51  SCV  
  16  0:54  Supply Depot  
  17  1:01  Refinery  
  17  1:03  SCV  
  18  1:16  SCV  
  19  1:20  Barracks  
  19  1:31  Barracks  
  19  1:33  Marine  
  19  1:37  SCV  
  21  1:50  SCV  
  21  1:52  Reaper  
  23  2:02  Orbital Command  
  23  2:08  Barracks Tech Lab  
  23  2:18  Marine  
  24  2:23  Marine  
  25  2:36  Marine  
  26  2:57  Marauder, Marine, Stimpack  
  29  2:58  Marine  
  29  3:02  Engineering Bay  
  30  3:15  Marine  
  30  3:17  Command Center  
  31  3:23  Supply Depot  
  31  3:27  Factory  
  31  3:42  Missile Turret  
  31  3:44  Marine x2  
  31  3:46  Marauder  
  35  3:53  Supply Depot  
  35  4:10  Factory Tech Lab  
  35  4:15  Marauder, Marine  
  37  4:18  Marine  
  38  4:31  Orbital Command  
  38  4:32  SCV  
  38  4:36  Marauder  
  40  4:46  Marine x2  
Show
View Real Time Build Order
Export as new Build Order

qqq Zerg - Winner!

Build Orders: Hatch First, Zergling Baneling 

Get SALT Encoding   

  12  0:00  Drone  
  13  0:08  Drone  
  14  0:50  Hatchery, Spawning Pool  
  14  0:52  Drone  
  13  1:02  Overlord  
  13  1:06  Drone  
  14  1:18  Extractor  
  14  1:19  Drone  
  14  1:21  Drone  
  15  1:36  Drone x2  
  15  1:37  Queen  
  19  1:52  Drone  
  20  2:03  Drone  
  20  2:05  Queen  
  20  2:08  Drone  
  24  2:13  Overlord  
  24  2:20  Zergling x2  
  26  2:22  Zergling x2  
  26  2:29  Metabolic Boost  
  26  2:31  Zergling x2  
  27  2:41  Zergling x2  
  27  2:43  Zergling x4  
  30  2:48  Baneling Nest  
  30  2:49  Drone  
  30  2:52  Zergling x2  
  30  2:55  Zergling x2  
  32  2:59  Zergling x2  
  33  3:07  Zergling x2  
  33  3:08  Zergling x2  
  33  3:09  Zergling x2  
  36  3:20  Overlord x2  
  36  3:26  Overlord  
  36  3:34  Baneling x3  
  36  3:35  Baneling  
  36  3:41  Zergling x2  
  36  3:42  Zergling x4  
  36  3:47  Zergling x2  
  40  3:49  Zergling x2  
  41  3:56  Baneling x3  
  41  3:58  Baneling  
  41  3:59  Zergling x2  
  41  4:01  Drone  
  43  4:13  Zergling x6  
  43  4:14  Drone  
  48  4:17  Zergling x2  
  49  4:24  Zergling x2  
  49  4:25  Zergling x2  
  49  4:26  Zergling x2  
  50  4:45  Zergling x4  
Tags
 
Add a new tag
Caveats
  • Supply blocks, unpowered buildings, or Contaminate may cause inaccurate times.
  • Supply counts are checked every 10 seconds.